[Event "GER-ch Youth-U14 2022"]
[Site "Willingen"]
[Date "2022.06.08"]
[Round "5.13"]
[White "Fruth, David"]
[Black "Kieselbach, Jannik"]
[Result "1-0"]
[ECO "B90"]
[WhiteElo "1648"]
[BlackElo "1631"]
[Annotator "NA RC COMBH"]
[PlyCount "107"]
[EventDate "2022.06.05"]
[EventType "swiss"]
[EventRounds "9"]
[EventCountry "GER"]
[SourceTitle "playchess.com"]
[Source "ChessBase"]
[SourceQuality "1"]
[TimeControl "40/4500+30:900+30"]

1. e4 c5 2. Nf3 d6 3. d4 cxd4 4. Nxd4 Nf6 5. Nc3 a6 6. Be3 e5 7. Nb3 Be7 8. Qd2 Be6 9. f3 O-O 10. O-O-O Nbd7 11. g4 b5 12. Rg1 Nb6 13. Na5 Qc7 14. g5 Nh5 15. Kb1 Nc4 16. Nxc4 bxc4 17. Nd5 Bxd5 18. Qxd5 Rfc8 19. Bh3 Rcb8 20. Bg4 Nf4 21. Bxf4 exf4 22. c3 Ra7 23. h4 Rb5 24. Qd4 Rab7 25. Rg2 a5 26. Ka1 a4 27. a3 Rb8 28. Rdd2 g6 29. h5 Qc5 30. hxg6 hxg6 31. Rh2 Qxd4 32. Rxd4 Rc5 33. Rhd2 Rd8 34. Rd5 Ra8 35. Rxc5 dxc5 36. Rd5 Ra7 37. Bh3 Kg7 38. Rd7 Rxd7 39. Bxd7 Bxg5 40. Bxa4 Kf6 41. Bb5 Ke5 42. Bxc4 f5 43. exf5 Kxf5 44. Kb1 Bd8 45. Kc2 g5 46. Kd3 Ke5 47. Ba6 Kd5 48. Bb7+ Kd6 49. Kc4 Kc7 50. Be4 Kb6 51. a4 Be7 52. b4 Bf8 53. bxc5+ Kc7 54. Kb5 1-0

[Event "GER-ch Youth-U14 2022"]
[Site "Willingen"]
[Date "2022.06.08"]
[Round "5.14"]
[White "Mueller, Maximilian"]
[Black "Wunderlich, Elias"]
[Result "0-1"]
[ECO "C07"]
[WhiteElo "2299"]
[BlackElo "1619"]
[Annotator "TA"]
[PlyCount "56"]
[EventDate "2022.06.05"]
[EventType "swiss"]
[EventRounds "9"]
[EventCountry "GER"]
[SourceTitle "playchess.com"]
[Source "ChessBase"]
[SourceQuality "1"]
[TimeControl "40/4500+30:900+30"]

1. e4 e6 2. d4 d5 3. Nd2 c5 4. exd5 Qxd5 5. dxc5 Bxc5 6. Ngf3 Nf6 7. Bc4 Qd6 8. O-O O-O 9. Qe2 {[%emt 0:00:00] C07: French Tarrasch: 3...c5, 4 Ngf3 and 4 exd5 Qxd5.} Rd8 (9... Nbd7 $11) 10. Nb3 Bb6 11. Bg5 {[%emt 0:00:00] [#] White is slightly better.} Nc6 $146 ({Predecessor:} 11... Qe7 12. Rad1 Bd7 13. Ne5 Bc7 14. Ng4 Kh8 15. Bd3 Rg8 16. Nxf6 gxf6 17. Qh5 Rg7 {1-0 (40) Matus,F (1685)-Kabelka,T (1476) Kouty nad Desnou 2017}) 12. Rfe1 Bd7 13. Bxf6 gxf6 14. Qe4 Qf8 15. Qh4 Qg7 16. Rad1 Ne7 {[%emt 0:01:54] ...Ng6 is the strong threat.} 17. Rd3 $2 {[%emt 0:06:52] This move loses the game for White.} (17. c3 $15) 17... Ng6 $19 18. Qg3 {[%emt 0:00:50] [#]} Rac8 $1 19. Nbd2 Bc7 {[%emt 0:00:51] A strong pair of Bishops.} 20. Qh3 Nf4 21. Qg3 {[%emt 0:00:40] [#]} Ne2+ $1 22. Rxe2 {[%emt 0:00:52] Strongly threatening Qh4.} Bxg3 23. hxg3 Bc6 24. Nd4 Bd5 25. Bxd5 Rxd5 ({Weaker is} 25... exd5 26. Nf5 Qg5 27. Ne7+ Kf8 28. Nxc8 Rxc8 29. Nb3 $17) 26. c4 (26. Nf1 $142) 26... Rdd8 {[%emt 0:02:08] White must now prevent ...Qg6. Black is clearly winning.} 27. Ree3 f5 28. f4 Rxd4 {[%emt 0:00:11] Weighted Error Value: White=0.71/Black=0.07 (flawless)} 0-1

[Event "GER-ch Youth-U14 2022"]
[Site "Willingen"]
[Date "2022.06.08"]
[Round "5.15"]
[White "Weyerer, Noah"]
[Black "Jahnz, Laurin"]
[Result "1-0"]
[ECO "D10"]
[WhiteElo "1555"]
[BlackElo "1681"]
[Annotator "NA RC COMBH"]
[PlyCount "119"]
[EventDate "2022.06.05"]
[EventType "swiss"]
[EventRounds "9"]
[EventCountry "GER"]
[SourceTitle "playchess.com"]
[Source "ChessBase"]
[SourceQuality "1"]
[TimeControl "40/4500+30:900+30"]

1. c4 c6 2. d4 d5 3. cxd5 cxd5 4. Nc3 Nf6 5. Bf4 a6 6. e3 Bf5 7. Nf3 Qb6 8. Qc1 Nc6 9. Nh4 Bg6 10. Nxg6 hxg6 11. Bd3 e6 12. h3 Be7 13. Qd2 Rc8 14. Rc1 O-O 15. O-O Qa5 16. a3 Na7 17. Ra1 b5 18. b4 Qb6 19. Ne2 Nd7 20. Nc1 g5 21. Bg3 g6 22. Nb3 Kg7 23. Nc5 Nxc5 24. bxc5 Qc6 25. a4 Rh8 26. axb5 Nxb5 27. Bxb5 axb5 28. Ra7 Bf6 29. f4 gxf4 30. Rxf4 Rc7 31. Ra1 Bd8 32. Rf3 Rb7 33. Raf1 f5 34. Ra1 Bf6 35. Rff1 Rc8 36. Qb4 Bg5 37. Be5+ Bf6 38. Bf4 g5 39. Bd6 Kg6 40. Ra5 Bd8 41. Ra2 Bc7 42. Bxc7 Qxc7 43. Ra6 Kf7 44. Rfa1 Rh8 45. Rd6 g4 46. c6 Qe7 47. cxb7 Qg5 48. Rd7+ Kg6 49. b8=Q Qxe3+ 50. Kh1 Rxh3+ 51. gxh3 Qf3+ 52. Kg1 Qe3+ 53. Kf1 Qxh3+ 54. Ke2 Qf3+ 55. Kd2 Qf2+ 56. Kc3 Qe3+ 57. Kb2 Qe2+ 58. Ka3 Qd3+ 59. Qb3 b4+ 60. Q8xb4 1-0

[Event "GER-ch Youth-U14 2022"]
[Site "Willingen"]
[Date "2022.06.08"]
[Round "5.16"]
[White "Huber, Benedikt"]
[Black "Linnemann, Caspar"]
[Result "1/2-1/2"]
[ECO "B90"]
[WhiteElo "2288"]
[BlackElo "1720"]
[Annotator "TA"]
[PlyCount "114"]
[EventDate "2022.06.05"]
[EventType "swiss"]
[EventRounds "9"]
[EventCountry "GER"]
[SourceTitle "playchess.com"]
[Source "ChessBase"]
[SourceQuality "1"]
[TimeControl "40/4500+30:900+30"]

1. e4 c5 2. Nf3 d6 3. d4 cxd4 4. Nxd4 Nf6 5. Nc3 a6 6. Bd3 e6 7. f4 Qc7 8. g4 {[%emt 0:00:00] B82: Sicilian Scheveningen: 6 f4.} h6 {[%emt 0:00:00] [#]} 9. Bd2 $146 ({Predecessor:} 9. Qe2 Be7 10. a4 Bd7 11. e5 dxe5 12. fxe5 Nd5 13. Nxd5 Bh4+ 14. Kd1 Qc5 15. Nf3 Qxd5 {1-0 (35) Lagarde,M (2521)-Heurtebize,C (2067) Avoine 2014}) 9... Nc6 10. Nxc6 {[%emt 0:00:00] White is slightly better.} Qxc6 11. Qf3 Be7 12. O-O-O Nd7 13. h4 Nb6 (13... b5 $14) 14. Rdf1 Bd7 15. g5 O-O-O 16. Qe2 Rde8 17. Be3 Na4 18. Nxa4 Qxa4 19. Kb1 Bc6 20. Bd2 d5 21. e5 Bb4 22. c3 Be7 ({Better is} 22... Bc5 $14) 23. Rc1 (23. f5 $16) 23... Kb8 $14 24. Rcg1 (24. h5 $1 $16) 24... d4 $11 25. Bc2 Qb5 26. Bd3 (26. Qxb5 $11 {keeps the balance.} axb5 27. gxh6 gxh6 28. Rh2 (28. cxd4 Bxh1 29. Rxh1 Rd8 $15)) 26... Qa4 ({Black should try} 26... Qb6 $1 $17 27. Be4 Ba3) 27. b3 Qa3 28. Be4 {[%emt 0:00:58] Bxc6 is the strong threat.} Bxe4+ 29. Qxe4 dxc3 30. Bxc3 g6 31. Rd1 {[%emt 0:01:38] Rd7 would kill now.} Qc5 $1 32. Rd7 Qb5 33. Rhd1 h5 {[%emt 0:01:54] [#]} (33... hxg5 $11 34. hxg5 (34. fxg5 Rd8 $11) 34... Rd8 35. Rxd8+ Rxd8 36. Rxd8+ Bxd8) 34. Kc2 $40 {[%emt 0:02:46][%mdl 128] White mounts an attack. White is much more active.} ({White should play} 34. Ba5 $1 $16 ) 34... Rhf8 $2 {[%emt 0:02:35][%mdl 8192] [#]} (34... Rc8 $11 35. Rxe7 Rxc3+ 36. Kb2 (36. Kxc3 Qc5+ 37. Kb2 Qxe7 $11) 36... Rh3) 35. a4 $1 $18 Qb6 {[%emt 0:00:22] [#]} (35... Qc6 {might work better.} 36. Qxc6 bxc6) 36. Ba5 $1 Qa7 (36... Qc5+ 37. Kb1) 37. Kb2 ({Weaker is} 37. Qc4 Qc5 38. Bc7+ Ka8 39. Qxc5 Bxc5 $16) 37... Bc5 38. b4 Bb6 39. Bxb6 Qxb6 40. R1d6 Qa7 41. a5 {[%emt 0:16:08] Intending Rb6 and mate.} Rc8 42. Rb6 Rc7 43. Rxc7 Kxc7 {[%emt 0:00:00][%mdl 4096] Endgame KQR-KQR} 44. Qd4 {[%emt 0:00:00] Threatening mate with Qd6+.} Re8 45. Qc5+ (45. Qd6+ $142 Kc8 46. b5 axb5 47. a6 Qxb6 48. Qxb6 bxa6 49. Qxa6+ Kc7 50. Qd6+ Kc8 51. Qc6+ Kd8 52. Qxb5) 45... Kb8 46. Qd4 $2 (46. Qd6+ $18 Ka8 47. b5 axb5 48. a6) 46... Kc8 $2 {[%emt 0:00:00][%mdl 8192] [#]} (46... Kc7 $11 47. b5 axb5 48. Qd6+ Kc8) 47. Rc6+ $3 Kb8 48. Qxa7+ Kxa7 {[%emt 0:00:00] KR-KR} 49. Rc7 Rf8 50. Kb3 Kb8 51. Re7 Ka8 52. Rd7 Kb8 53. Kc4 $2 (53. b5 $18 Kc8 54. Re7) 53... Rc8+ $11 {[%emt 0:03:27] The position is equal.} 54. Kd4 Rc7 55. Rxc7 Kxc7 56. Kc5 Kd7 57. b5 {[%emt 0:01:26] White threatens bxa6 and mate.} Kc7 {[%emt 0:00:47] Weighted Error Value: White=0.49/Black=0.46} 1/2-1/2

[Event "GER-ch Youth-U14 2022"]
[Site "Willingen"]
[Date "2022.06.08"]
[Round "5.17"]
[White "Braeutigam, Alexander"]
[Black "Sinka, Silas"]
[Result "1/2-1/2"]
[ECO "D35"]
[WhiteElo "1749"]
[BlackElo "1386"]
[Annotator "NA RC COMBH"]
[PlyCount "58"]
[EventDate "2022.06.05"]
[EventType "swiss"]
[EventRounds "9"]
[EventCountry "GER"]
[SourceTitle "playchess.com"]
[Source "ChessBase"]
[SourceQuality "1"]
[TimeControl "40/4500+30:900+30"]

1. c4 e6 2. Nc3 d5 3. cxd5 exd5 4. d4 Nf6 5. Bg5 Be7 6. e3 O-O 7. Qc2 Be6 8. Bd3 h6 9. Bh4 b6 10. Nf3 c5 11. O-O Nc6 12. a3 c4 13. Bf5 Qd7 14. Bxe6 fxe6 15. Ne5 Nxe5 16. dxe5 Ng4 17. Bg3 Bc5 18. h3 Nxe3 19. fxe3 Bxe3+ 20. Kh1 d4 21. Ne4 d3 22. Qxc4 Rxf1+ 23. Rxf1 Rc8 24. Qb3 d2 25. Nc3 Qd3 26. Qxe6+ Kh7 27. Rd1 Rf8 28. Qg4 Rf1+ 29. Kh2 Bg1+ 1/2-1/2

[Event "GER-ch Youth-U14 2022"]
[Site "Willingen"]
[Date "2022.06.08"]
[Round "5.18"]
[White "Shapiro, Danil"]
[Black "Deschler, Arne"]
[Result "0-1"]
[ECO "A06"]
[WhiteElo "1468"]
[BlackElo "1646"]
[Annotator "NA RC COMBH"]
[PlyCount "90"]
[EventDate "2022.06.05"]
[EventType "swiss"]
[EventRounds "9"]
[EventCountry "GER"]
[SourceTitle "playchess.com"]
[Source "ChessBase"]
[SourceQuality "1"]
[TimeControl "40/4500+30:900+30"]

1. Nf3 d5 2. g3 Nf6 3. Bg2 c6 4. O-O g6 5. b3 Bg7 6. Bb2 O-O 7. d3 Bg4 8. h3 Bxf3 9. Bxf3 Nbd7 10. Nd2 Qc7 11. c4 e6 12. Bg2 Rfe8 13. Qc2 Qd6 14. a3 e5 15. e3 Nc5 16. b4 Ne6 17. c5 Qc7 18. Nb3 Nd7 19. Rad1 f5 20. Kh2 f4 21. e4 d4 22. Nd2 fxg3+ 23. fxg3 a5 24. Nc4 axb4 25. axb4 Rf8 26. Qb3 Rxf1 27. Rxf1 Ndxc5 28. bxc5 Nxc5 29. Qc2 b5 30. Nd2 Qd6 31. Nb3 Na4 32. Ra1 Rc8 33. Ba3 c5 34. Bb4 Rc6 35. Rc1 Bf8 36. Bf1 Bh6 37. Bd2 Bxd2 38. Nxd2 Nc3 39. Qb3+ Kg7 40. Nb1 b4 41. Nxc3 dxc3 42. Be2 Qd4 43. Kg2 Rf6 44. Bf3 Rxf3 45. Qc2 Rxd3 0-1

[Event "GER-ch Youth-U14 2022"]
[Site "Willingen"]
[Date "2022.06.08"]
[Round "5.20"]
[White "Eichhorn, Valentin"]
[Black "Goldinov, Daniel"]
[Result "1/2-1/2"]
[ECO "A40"]
[WhiteElo "1565"]
[BlackElo "1626"]
[Annotator "NA RC COMBH"]
[PlyCount "92"]
[EventDate "2022.06.05"]
[EventType "swiss"]
[EventRounds "9"]
[EventCountry "GER"]
[SourceTitle "playchess.com"]
[Source "ChessBase"]
[SourceQuality "1"]
[TimeControl "40/4500+30:900+30"]

1. d4 e5 2. e3 d6 3. dxe5 Nc6 4. Nf3 Bg4 5. Be2 dxe5 6. Qxd8+ Rxd8 7. Nc3 Nf6 8. e4 Bb4 9. Bg5 Rd6 10. O-O Bxc3 11. Bxf6 Bxb2 12. Rab1 Bxf3 13. Bxf3 gxf6 14. Rxb2 b6 15. Rbb1 Rd2 16. Rfd1 Rxd1+ 17. Rxd1 Ke7 18. c3 Rd8 19. Rxd8 Nxd8 20. Be2 Ne6 21. Bd1 Nc5 22. Bc2 b5 23. Kf1 a5 24. a3 a4 25. Ke2 Nb7 26. c4 c6 27. Bd3 Nc5 28. cxb5 Nxd3 29. Kxd3 cxb5 30. Kc3 Kd6 31. g4 Kc5 32. f3 Kb6 33. Kc2 h6 34. h3 Kc6 35. h4 Kc5 36. Kc3 Kb6 37. Kb2 Kc6 38. h5 Kc5 39. Kc3 b4+ 40. axb4+ Kb5 41. Kc2 Kxb4 42. Kb2 a3+ 43. Ka2 Ka4 44. Ka1 Kb3 45. Kb1 a2+ 46. Ka1 Kc3 1/2-1/2

[Event "GER-ch Youth-U14 2022"]
[Site "Willingen"]
[Date "2022.06.08"]
[Round "5.21"]
[White "Mainka, Ingmar"]
[Black "Vihan, Shourya"]
[Result "1/2-1/2"]
[ECO "B10"]
[WhiteElo "1427"]
[BlackElo "1385"]
[Annotator "NA RC COMBH"]
[PlyCount "90"]
[EventDate "2022.06.05"]
[EventType "swiss"]
[EventRounds "9"]
[EventCountry "GER"]
[SourceTitle "playchess.com"]
[Source "ChessBase"]
[SourceQuality "1"]
[TimeControl "40/4500+30:900+30"]

1. e4 c6 2. Nc3 d5 3. Nf3 dxe4 4. Nxe4 Nf6 5. Qe2 Nxe4 6. Qxe4 Nd7 7. Bc4 Nf6 8. Ne5 e6 9. Qe2 Be7 10. c3 O-O 11. d4 Nd5 12. O-O Qc7 13. Bd3 c5 14. Nf3 b6 15. Ng5 Nf6 16. dxc5 bxc5 17. c4 Bb7 18. Re1 Rae8 19. Bd2 Bd6 20. h3 e5 21. Bc3 h6 22. Ne4 Nxe4 23. Bxe4 Bxe4 24. Qxe4 f6 25. Rad1 Rd8 26. Qc2 Qb7 27. Ba5 Bc7 28. Bxc7 Qxc7 29. Rxd8 Rxd8 30. Rd1 Rd4 31. b3 Qd6 32. Rxd4 exd4 33. Qd3 Qe5 34. Qf3 Qe1+ 35. Kh2 Qe5+ 36. Kg1 Qe1+ 37. Kh2 Qb1 38. Qd5+ Kh8 39. Qxc5 Qe4 40. Qc8+ Kh7 41. Qd7 d3 42. c5 Qf4+ 43. Kg1 Qc1+ 44. Kh2 Qf4+ 45. Kg1 Qc1+ 1/2-1/2

[Event "GER-ch Youth-U14 2022"]
[Site "Willingen"]
[Date "2022.06.08"]
[Round "5.22"]
[White "Miller, Elias"]
[Black "Grundmann, Max"]
[Result "1/2-1/2"]
[ECO "D02"]
[WhiteElo "1548"]
[BlackElo "1358"]
[Annotator "NA RC COMBH"]
[PlyCount "95"]
[EventDate "2022.06.05"]
[EventType "swiss"]
[EventRounds "9"]
[EventCountry "GER"]
[SourceTitle "playchess.com"]
[Source "ChessBase"]
[SourceQuality "1"]
[TimeControl "40/4500+30:900+30"]

1. d4 d5 2. Nf3 Bf5 3. c4 Bxb1 4. Rxb1 e6 5. g3 Bb4+ 6. Bd2 Bxd2+ 7. Nxd2 dxc4 8. Bg2 c6 9. Nxc4 Nf6 10. O-O O-O 11. e3 Nbd7 12. Qc2 Nb6 13. Ne5 Nfd7 14. Nd3 Rc8 15. b4 Qe7 16. Nc5 Rb8 17. a4 Nxc5 18. bxc5 Nd5 19. a5 Qc7 20. Qd2 b6 21. axb6 axb6 22. cxb6 Rxb6 23. Rbc1 Rfb8 24. Bxd5 exd5 25. Qa5 Qb7 26. Rc5 Rb1 27. Rcc1 Rxc1 28. Rxc1 Ra8 29. Qc3 Ra6 30. Qc2 g6 31. Qc5 Rb6 32. Rc2 Qa6 33. Kg2 h5 34. Rc3 Rb1 35. Qxc6 Qf1+ 36. Kf3 Qh1+ 37. Kf4 Qe4+ 38. Kg5 Kh7 39. Qd7 Rb7 40. f3 Qxf3 41. Qc8 Rb8 42. Qd7 Rd8 43. e4 Qxe4 44. Qxf7+ Kh8 45. Qf6+ Kh7 46. Rc7+ Rd7 47. Rxd7+ Kg8 48. Qg7# 1/2-1/2

[Event "GER-ch Youth-U14 2022"]
[Site "Willingen"]
[Date "2022.06.08"]
[Round "6.1"]
[White "Ermitsch, Magnus"]
[Black "Haubold, Christian Lucas"]
[Result "1-0"]
[ECO "C72"]
[WhiteElo "2222"]
[BlackElo "1921"]
[Annotator "TA"]
[PlyCount "75"]
[EventDate "2022.06.05"]
[EventType "swiss"]
[EventRounds "9"]
[EventCountry "GER"]
[SourceTitle "playchess.com"]
[Source "ChessBase"]
[SourceQuality "1"]
[TimeControl "40/4500+30:900+30"]

1. e4 e5 2. Nf3 Nc6 3. Bb5 a6 4. Ba4 d6 5. O-O Bd7 6. c3 g6 7. d4 Nf6 {[%emt 0:00:00] C76: Ruy Lopez: Deferred Steinitz: 5 c3 Bd7 6 d4 g6.} 8. h3 Bg7 9. Re1 O-O {[%emt 0:00:00] White has an edge.} 10. Bc2 b5 11. Nbd2 Re8 12. Nf1 Na5 13. b3 {[%emt 0:00:00] The old main line.} c5 14. d5 Qc7 15. Be3 {[%emt 0:00:00] [#]} Nb7 $146 ({Predecessor:} 15... c4 16. b4 Nb7 17. Qd2 a5 18. a3 Ra6 19. g4 Rea8 {0-1 (62) Bronnikova,E (2239)-Aleksandrov,A (2602) Izhevsk 2012}) 16. Qd2 a5 17. a3 Rec8 (17... c4 $5 18. b4 Ra6 $11) 18. Rec1 Nd8 19. Ng3 Ne8 20. Kh2 Qb7 21. Rab1 b4 22. cxb4 cxb4 23. axb4 axb4 24. Ne1 f6 25. Bd3 Nc7 26. Nc2 Rcb8 {[%emt 0:00:58] [#]} (26... Na6 $142) 27. Nxb4 $1 $16 Nb5 28. Nc2 Ra2 29. Qb4 Bf8 30. Ra1 Rba8 (30... Rxa1 $16 {was worth a try.} 31. Rxa1 Nf7) 31. Rxa2 $18 Rxa2 32. Ne1 (32. Qc4 $18) 32... h5 (32... Ra8 $16 33. Nf3 Rb8) 33. Nf3 Be7 34. h4 (34. Nh4 $18 Kf7 35. Rc4) 34... Kf7 35. Nd2 {[%emt 0:00:53] aiming for Nc4. White is more active.} Ke8 $2 {[%emt 0:02:02][%mdl 8192] [#]} (35... Nd4 $16 {is more resistant.} 36. Qc3 Nb5 37. Bxb5 Bxb5) 36. Nc4 {[%emt 0:00:28] White is clearly winning.} Ra6 37. Na5 Qa8 38. Nc6 {[%emt 0:00:16] Weighted Error Value: White=0.13 (very precise) /Black=0.37} (38. Bxb5 $142 Rxa5 39. Bxd7+ Kxd7 40. Bb6) 1-0

[Event "GER-ch Youth-U14 2022"]
[Site "Willingen"]
[Date "2022.06.08"]
[Round "6.2"]
[White "Deuer, Marius"]
[Black "Hagner, Bennet"]
[Result "1/2-1/2"]
[ECO "E48"]
[WhiteElo "2359"]
[BlackElo "2186"]
[Annotator "TA"]
[PlyCount "82"]
[EventDate "2022.06.05"]
[EventType "swiss"]
[EventRounds "9"]
[EventCountry "GER"]
[SourceTitle "playchess.com"]
[Source "ChessBase"]
[SourceQuality "1"]
[TimeControl "40/4500+30:900+30"]

1. c4 Nf6 2. d4 e6 3. Nc3 Bb4 4. e3 O-O 5. Bd3 d5 6. cxd5 exd5 7. a3 {[%emt 0:00:00] E48: Nimzo-Indian: Rubinstein: 5 Bd3 d5 including 6 Ne2, but excluding 6 a3.} Bd6 8. Qc2 Na6 {[%emt 0:00:00] [#]} 9. b4 $146 ({Predecessor:} 9. Nf3 c5 10. dxc5 Nxc5 11. b4 Nxd3+ 12. Qxd3 Bg4 13. Bb2 Rc8 14. Rd1 Bxf3 15. gxf3 {0-1 (39) Durarbayli,V (2638)-Oparin,G (2685) Chess.com INT 2022}) 9... c6 10. Nge2 Nc7 11. f3 a5 12. Rb1 Qe7 13. Qb3 axb4 14. axb4 Na6 (14... Nh5 {is more complex.} 15. b5 Qh4+ 16. Kf1 f5) 15. Na2 b6 16. b5 cxb5 17. Bxb5 Nc7 18. Bd3 b5 19. O-O Bd7 20. Ng3 Bxg3 21. hxg3 Nh5 22. Bd2 Nxg3 23. Rfc1 Rfc8 24. Nb4 {[%emt 0:01:26] Against Ra6} Qg5 25. Qd1 Qh4 {[%emt 0:02:28] aiming for ...Be6.} 26. Rc5 (26. Rc2 $1 $11 {keeps the balance.}) 26... Be6 (26... g6 $17) 27. Rbc1 $1 $11 {[%emt 0:00:30] The position is equal.} Ne8 28. Rxc8 Rxc8 29. Rxc8 {[%emt 0:00:23] Really sharp!} Bxc8 30. Qc1 Bb7 31. Bxb5 Nd6 32. Bd3 {[%emt 0:04:23] A strong pair of Bishops.} (32. Qc7 {leads to mate.} Qh1+ 33. Kf2 {[#]} Nde4+ $1 34. fxe4 Nxe4+ 35. Kf3 Qh5+ 36. g4 Qh1+ 37. Ke2 Qg2+ 38. Ke1 Qxd2+ 39. Kf1 Qf2#) 32... Qh1+ 33. Kf2 Qh4 34. Kg1 g6 35. Qc7 Qh1+ $1 36. Kf2 Qh2 {[%emt 0:00:24][%cal Od6e4] [#] And now ...Nde4+! would win.} 37. Qd8+ Kg7 38. Qe7 {[%emt 0:00:25] Hoping for Qe5+.} Nh1+ 39. Kf1 $1 Ng3+ 40. Kf2 {[%emt 0:00:03] Black must now prevent Qe5+.} Nh1+ 41. Kf1 $1 Ng3+ {[%emt 0:00:00] Weighted Error Value: White=0.07 (flawless) /Black=0.05 (flawless)} 1/2-1/2

[Event "GER-ch Youth-U14 2022"]
[Site "Willingen"]
[Date "2022.06.08"]
[Round "6.3"]
[White "Klaska, Philipp Leon"]
[Black "Sreyas Payyappat"]
[Result "1/2-1/2"]
[ECO "B15"]
[WhiteElo "1946"]
[BlackElo "2169"]
[Annotator "TA"]
[PlyCount "117"]
[EventDate "2022.06.05"]
[EventType "swiss"]
[EventRounds "9"]
[EventCountry "GER"]
[SourceTitle "playchess.com"]
[Source "ChessBase"]
[SourceQuality "1"]
[TimeControl "40/4500+30:900+30"]

1. e4 c6 2. d4 d5 3. Nc3 dxe4 4. Nxe4 Nf6 5. Nxf6+ exf6 6. c3 Bd6 7. Bd3 O-O 8. Ne2 Re8 9. O-O {[%emt 0:00:00] B15: Caro-Kann: 3 Nc3: 3...g6 and 3...dxe4 4 Nxe4 Nf6 5 Nxf6+ exf6.} Nd7 $1 {[%emt 0:00:00] 9...Nd7 scores better than 9...Qc7.} 10. Ng3 Nf8 11. Re1 {[%emt 0:00:00] White has an edge.} Rxe1+ 12. Qxe1 Be6 13. Be3 Qc7 {[%emt 0:02:01] [#]} 14. Kh1 $146 ({Predecessor:} 14. Qd2 Ng6 15. Qc2 Rd8 16. Rd1 Kh8 17. c4 Ne7 18. Kh1 Bf4 19. Ne2 Bxe3 20. fxe3 {½-½ (77) Szczotka,K (1948)-Mis,M (2365) Poronin 2021}) 14... Re8 15. Qd2 b5 16. a4 Bxg3 17. hxg3 a6 18. Qc2 Qb7 19. axb5 axb5 20. b3 Ra8 21. Rxa8 Qxa8 22. c4 b4 (22... bxc4 $14 23. bxc4 g6) 23. Qd2 $16 Qa3 24. Bc2 Ng6 25. d5 cxd5 26. cxd5 Bd7 27. Bc5 $1 Qa1+ 28. Kh2 Ne5 {[%emt 0:03:07] ( -> ...Ng4+)} 29. f3 {[%emt 0:01:47] Prevents Ng4+.} (29. Bxb4 $2 {gets mated.} Ng4+ 30. Kh3 Qh1#) 29... Qf1 30. Bd1 {[%emt 0:03:52] A strong pair of Bishops.} h5 31. Bxb4 ({Much less strong is} 31. Be2 Qb1) 31... Bb5 {[%emt 0:03:45] Inhibits Qe2.} 32. Bc3 {[%emt 0:02:24] Threatens to win with Bxe5.} Nd3 (32... Qd3 $16 33. Qxd3 Bxd3) 33. Qe2 $2 (33. Be2 $18 {and the rest is easy.} Qf2 34. d6 (34. Bxd3 Qxd2 35. Bxd2 Bxd3 $14)) 33... Qxe2 (33... Qf2 $142) 34. Bxe2 {[%emt 0:00:07][%mdl 4096] Endgame KBB-KBN} Kf8 35. f4 f5 36. Bxh5 g6 37. Bf3 Ke7 38. Be5 (38. Kh3 $142) 38... f6 (38... g5 $16 {was called for.} 39. Bb8 gxf4 40. gxf4 Nc1) 39. Bc7 (39. Bd4 $18) 39... Kd7 40. d6 Nc5 41. Bd5 Ne6 42. Kg1 Nxc7 (42... g5 $16 {keeps fighting.}) 43. dxc7 $18 Kxc7 $16 {[%emt 0:00:00] KB-KB} 44. Kf2 Kd6 45. Bf3 ({Only move:} 45. Bf7 $18) 45... Kc5 $1 $14 46. Ke3 Bf1 47. Kd2 Kd4 48. Bc6 Kc5 49. Be8 g5 50. Bg6 gxf4 51. gxf4 {[%emt 0:00:00] Strongly threatening g3.} Bxg2 {[%emt 0:00:00] [#]} 52. Bxf5 (52. Kc3 $1 $16) 52... Kd4 $11 53. Bd7 Bd5 54. b4 Ke4 $2 {[%emt 0:00:00] [#]} (54... Bc4 $11 {and Black stays safe.}) 55. f5 $2 ({White has to play} 55. Kc3 $1 $18 {Black must now prevent b5.} Bb7 56. b5) 55... Kd4 {[%emt 0:00:00] The position is equal.} 56. Ke2 Be4 57. Be6 Bxf5 58. Bxf5 {[%emt 0:00:25] Threatening mate with Bd7.} Kc4 59. b5 {[%emt 0:00:21] Blacks defense is rewarded with a draw.  Weighted Error Value: White=0.42/Black=0.39} 1/2-1/2

[Event "GER-ch Youth-U14 2022"]
[Site "Willingen"]
[Date "2022.06.08"]
[Round "6.4"]
[White "Möller, Maurin"]
[Black "Besou, Hussain"]
[Result "1/2-1/2"]
[ECO "A45"]
[WhiteElo "1780"]
[BlackElo "2094"]
[Annotator "TA"]
[PlyCount "96"]
[EventDate "2022.06.05"]
[EventType "swiss"]
[EventRounds "9"]
[EventCountry "GER"]
[SourceTitle "playchess.com"]
[Source "ChessBase"]
[SourceQuality "1"]
[TimeControl "40/4500+30:900+30"]

1. d4 Nf6 2. Bf4 e6 3. e3 d5 4. c3 Bd6 5. Bg3 O-O 6. Nd2 {[%emt 0:00:00] D00: 1 d4 d5: Unusual lines.} b6 7. Bd3 c5 8. Ngf3 Ba6 9. Qe2 Bxd3 10. Qxd3 Nc6 11. O-O Rc8 12. Rfe1 {[%emt 0:00:00] [#]} Ne7 $146 ({Predecessor:} 12... cxd4 13. exd4 Bxg3 14. hxg3 Qc7 15. Ne5 Na5 16. g4 Nc4 17. Ndxc4 dxc4 18. Qe2 Nd5 {½-½ (42) Pinch,D (1634)-May,A (1906) Fishguard 2019}) 13. e4 {[%emt 0:02:59] [#] Hoping for Bxd6.} (13. Bxd6 {seems wilder.} Qxd6 14. e4 dxe4 15. Nxe4 Nxe4 16. Qxe4 cxd4 17. Rad1) 13... dxe4 (13... Bxg3 {looks sharper.} 14. hxg3 cxd4 15. Nxd4 e5) 14. Nxe4 Nxe4 (14... Bxg3 {with more complications.} 15. Nxf6+ gxf6 16. hxg3 cxd4 17. Nxd4 e5) 15. Qxe4 Bxg3 16. hxg3 Qd5 17. dxc5 Qxe4 18. Rxe4 Rxc5 19. Ra4 Rc7 20. Rd1 Rfc8 21. Kf1 f6 22. Ke2 e5 {[%emt 0:00:09] Prevents Nd4.} 23. Ne1 Kf7 24. Nc2 Rb7 25. Ne3 Ke6 26. Rh4 h6 27. a4 Rbc7 28. Rg4 Nf5 29. Rb4 Nxe3 30. Kxe3 Rc4 31. Rxc4 Rxc4 $15 {[%emt 0:00:06][%mdl 4096] Endgame KR-KR} 32. Ra1 a5 33. Kd3 {[%emt 0:00:20] The position is equal.} Kd5 34. b3 e4+ 35. Kc2 Rc7 36. Re1 f5 37. Rd1+ Ke6 38. Rd8 h5 39. Re8+ Kf6 40. Rb8 Rc6 41. Kd2 Rd6+ 42. Ke2 g6 43. b4 axb4 44. cxb4 Kg5 45. Ke3 Rd3+ 46. Ke2 Ra3 47. Rxb6 {[%emt 0:00:07] [#] Black must now prevent a5.} Rxa4 48. b5 Rb4 {[%emt 0:02:17] An interesting draw.  Weighted Error Value: White=0.04 (flawless) /Black=0.04 (flawless)} 1/2-1/2